 Dungeon Crawl Stone Soup version 0.26-a0-854-gdc81c2f471 (webtiles) character file.

Game seed: 10098434204974160399

95 Engwar the Sneak (level 4, -3/37 HPs)
             Began as a Naga Enchanter on Nov 22, 2020.
             Slain by a gnoll
             ... wielding a +0 club
              (6 damage)
             ... on level 3 of the Dungeon.
             The game lasted 00:08:35 (2687 turns).

Engwar the Sneak (Naga Enchanter)                   Turns: 2687, Time: 00:08:35

Health: -3/37      AC:  2    Str: 11    XL:     4   Next: 65%
Magic:  7/7        EV: 10    Int: 16    God:
Gold:   116        SH:  0    Dex: 11    Spells: 1/7 levels left

rFire    . . .     SeeInvis +   i - +2 quarterstaff (spect)
rCold    . . .     Faith    .   (shield currently unavailable)
rNeg     . . .     Spirit   .   b - +0 robe
rPois    +         Reflect  .   (no helmet)
rElec    .         Harm     .   (no cloak)
rCorr    .         Rampage  .   (no gloves)
MR       .....                  (no barding)
Stlth    ++........             (no amulet)
HPRegen  0.12/turn              (no ring)
MPRegen  0.10/turn              (no ring)

@: very slow
A: large, see invisible, deformed body, poison resistance, slowness 2, spit
poison 1, AC +1
a: Spit Poison


You were on level 3 of the Dungeon.
You visited 1 branch of the dungeon, and saw 3 of its levels.

You collected 116 gold pieces.

Inventory:

Hand Weapons
 d - a +0 short sword
 i - a +2 spectral quarterstaff (weapon)
Missiles
 e - 76 stones (quivered)
Armour
 b - a +0 robe (worn)
 l - a +0 buckler
Scrolls
 f - 2 scrolls of remove curse
 g - a scroll of amnesia {unknown}
 m - a scroll of fear {unknown}
 n - a scroll of fog {unknown}
 o - a scroll of identify {unknown}
 p - a scroll of magic mapping {unknown}
 q - 2 scrolls of enchant weapon {unknown}
Potions
 a - 2 potions of curing {unknown}
 c - a potion of magic {unknown}
 h - a potion of brilliance {unknown}
 j - a potion of heal wounds {unknown}
 k - a potion of might {unknown}


   Skills:
 - Level 0.8 Fighting
 - Level 1.0 Short Blades
 * Level 2.1 Staves
 - Level 1.5 Dodging
 - Level 4.4 Stealth
 - Level 2.0 Spellcasting
 - Level 4.3 Hexes
 + Level 0.6 Evocations


You had one spell level left.
You knew the following spells:

 Your Spells              Type           Power        Failure   Level
a - Corona                Hex            ###....      3%          1
b - Ensorcelled Hibernat  Hex/Ice        #.....       13%         2
c - Confusing Touch       Hex            ###.....     11%         3

Your spell library contained the following spells:

 Spells                   Type           Power        Failure   Level
 Tukima's Dance           Hex            ###.....     11%         3
 Dazzling Flash           Conj/Hex       #.....       26%         3


Dungeon Overview and Level Annotations

Branches:
Dungeon (3/15)

Altars:
Hepliaklqana
Kikubaaqudgha
Qazlal
Trog
Wu Jian
Xom
Zin


Innate Abilities, Weirdness & Mutations

You cannot wear boots.
Your serpentine skin is tough. (AC +1)
You have supernaturally acute eyesight. (SInv)
Armour fits poorly on your strangely shaped body.
Your system is resistant to poisons. (rPois)
You cover ground very slowly.
You can spit poison.


Message History

The gnoll is heavily wounded.
The gnoll throws a throwing net.
The throwing net hits you.
You become entangled in the net!
You tear a large gash into the net.
You shred the net and break free!
You have got your breath back.
The gnoll throws a throwing net.
The throwing net hits you.
You become entangled in the net!
You struggle against the net.
You struggle against the net.
You rip the net and break free!
The gnoll hits you with a +0 club!
* * * LOW HITPOINT WARNING * * *
You hit the gnoll.
The gnoll is almost dead.
The gnoll hits you with a +0 club.
* * * LOW HITPOINT WARNING * * *
You hit the gnoll but do no damage.
The gnoll is almost dead.
The gnoll hits you with a +0 club.
You die...

#.# #)###......<..#
#.#####........###..#
#..>....# #### #..#
####.#### #..# #.#
#..# #)# #..# ####.#
#..# #..(.# ..#.
#.##@# .... #.##g#
..# . #.##.#
#.##.).g..o.
#.#######... #.# #.#


You could see a gnoll.

Vanquished Creatures
  2 gnolls (D:3)
  2 adders (D:2)
  3 worms
  2 dart slugs
  An orc (D:3)
  7 bats
  2 giant cockroaches (D:1)
  4 goblins
  6 hobgoblins
  5 frilled lizards (D:2)
  6 kobolds
  5 rats
45 creatures vanquished.

Notes
Turn   | Place    | Note
-------+----------+-------------------------------------------
     0 | D:1      | Engwar the Naga Enchanter began the quest for the Orb.
     0 | D:1      | Reached XP level 1. HP: 15/15 MP: 3/3
   328 | D:1      | Reached XP level 2. HP: 9/22 MP: 5/5
  1031 | D:1      | Reached XP level 3. HP: 30/30 MP: 6/6
  1041 | D:1      | Learned a level 2 spell: Ensorcelled Hibernation
  1045 | D:1      | Learned a level 3 spell: Confusing Touch
  1685 | D:2      | Reached XP level 4. HP: 29/37 MP: 7/7
  1870 | D:2      | Reached skill level 1 in Staves
  2102 | D:2      | Found a glowing silver altar of Zin.
  2102 | D:2      | Found a bloodstained altar of Trog.
  2102 | D:2      | Found a stormy altar of Qazlal.
  2102 | D:2      | Found an ancient bone altar of Kikubaaqudgha.
  2112 | D:2      | Found a shimmering altar of Xom.
  2114 | D:2      | Found an ornate altar of the Wu Jian Council.
  2596 | D:3      | Found a hazy altar of Hepliaklqana.
  2687 | D:3      | Slain by a gnoll

Illustrated notes

Levels and vault maps discovered:
D:1:      evilmike_arrival_rings, layout_basic, roderic_serpentine_path
D:2:      layout_loops_ring, minmay_overflow_temple_hex,
          kennysheep_generic_room_7
D:3:      layout_loops_ring, general_overflow_altar, serial_forest,
          infiniplex_forest_diagonal, infiniplex_forest_clump_long,
          infiniplex_forest_lined_2, infiniplex_forest_lined_ring,
          infiniplex_forest_clump_long, infiniplex_forest_end_1,
          uniq_crazy_yiuf_cottage, uniq_jessica, uniq_robin

Skill      XL: |  1  2  3  4 |
---------------+-------------+-----
Hexes          | 4 |  4.3
Staves         | 2 |  2.1
Fighting       | |  0.8
Short Blades   | |  1.0
Dodging        | |  1.5
Stealth        | |  4.4
Spellcasting   | |  2.0
Evocations     | |  0.6

Action                   |  1- 3 |  4- 6 || total
-------------------------+-------+-------++-------
Melee: Short sword       |   104 |       ||   104
       Quarterstaff      |    18 |    27 ||    45
 Abil: Spit Poison       |     6 |     5 ||    11
  Use: Scroll            |       |     1 ||     1
 Stab: Sleeping          |     8 |     4 ||    12
Armor: Robe              |    31 |     3 ||    34
Dodge: Dodged            |    77 |     7 ||    84

Table legend: (Time is in decaauts)
 A = Elapsed time spent in this place.
 B = Non-inter-level travel time spent in this place.
 C = Inter-level travel time spent in this place.
 D = Time resting spent in this place.
 E = Time spent auto-exploring this place.
 F = Levels seen in this place.
 G = Mean time per level.
                   A        B        C        D        E       F      G
               +--------+--------+--------+--------+--------+-----+--------+
         Total |   3218 |   3158 |     60 |    768 |   1631 |   3 | 1072.7 |
       Dungeon |   3218 |   3158 |     60 |    768 |   1631 |   3 | 1072.7 |
               +--------+--------+--------+--------+--------+-----+--------+

Top non-repeatable levels by time:
     D:2: 1615 daAuts
     D:1: 1391 daAuts
     D:3: 211 daAuts
